 Dungeon Crawl Stone Soup version 0.32-a0-22-g6ae6769602 (webtiles) character file.

Game seed: 10327579619577552551

2947 whatisthis the Ruffian (level 9, -4/82 (92) HPs)
             Began as a Troll Brigand on Jan 18, 2024.
             Was an Initiate of Uskayaw.
             Slain by a sixfirhy (7 damage)
             ... summoned by a kobold demonologist
             ... on level 6 of the Dungeon.
             The game lasted 00:13:50 (4966 turns).

whatisthis the Ruffian (Troll Brigand)              Turns: 4966, Time: 00:13:51

HP:   -4/82 (92)    AC:  8    Str: 25    XL:     9   Next: 51%
MP:   6/9           EV:  9    Int:  7    God:    Uskayaw [......]
Gold: 267           SH:  0    Dex: 11    Spells: 8/8 levels left

rFire   . .          .
                       - Unarmed
rCold   . . .        (no shield)
rNeg    . . .        C - +0 steam dragon scales
rPois   .            (helmet restricted)
rElec   .            c - +0 cloak
rCorr   +            (gloves unavailable)
SInv    +            (boots unavailable)
Will    .....        A - amulet of the acrobat
Stlth   ++           t - ring of resist corrosion
HPRegen 1.13/turn    D - ring of see invisible
MPRegen 0.11/turn

%: acrobat
@: lethally poisoned (-4 -> -8), heavily drained
A: large, unfitting armour, claws 3, regeneration 1, shaggy fur 1, tough skin 1
a: Renounce Religion


You were on level 6 of the Dungeon.
You worshipped Uskayaw.
Uskayaw was noncommittal.
You visited 2 branches of the dungeon, and saw 8 of its levels.

You collected 267 gold pieces.

Inventory:

Hand Weapons
 a - a +2 dagger
Missiles
 d - 11 poisoned darts
 e - a curare-tipped dart (quivered)
 w - 6 javelins
Armour
 c - a +0 cloak (worn)
 C - +0 steam dragon scales (worn)
 F - a scarf of invisibility
Jewellery
 i - a ring of ice
 t - a ring of resist corrosion (left claw)
 A - an amulet of the acrobat (around neck)
 D - a ring of see invisible (right claw)
Wands
 y - a wand of charming (25)
 z - a wand of polymorph (7)
 E - a wand of flame (11)
Scrolls
 b - a scroll of immolation {unknown}
 g - 2 scrolls of noise {unknown}
 k - 2 scrolls of blinking {unknown}
 n - 6 scrolls of identify {unknown}
 o - a scroll of teleportation {unknown}
 p - a scroll of silence {unknown}
 q - 2 scrolls of enchant weapon {unknown}
 u - 2 scrolls of enchant armour {unknown}
 v - a scroll of amnesia {unknown}
Potions
 f - 4 potions of heal wounds {unknown}
 h - a potion of degeneration {unknown}
 j - a potion of attraction {unknown}
 l - 2 potions of lignification {unknown}
 m - a potion of brilliance {unknown}
 r - a potion of invisibility {unknown}
 s - 4 potions of curing {unknown}
 x - 2 potions of mutation {unknown}
 B - a potion of haste {unknown}


   Skills:
 + Level 6.6 Fighting
 - Level 1.5 Short Blades
 + Level 6.6 Throwing
 - Level 0.7 Dodging
 - Level 2.1 Stealth
 + Level 7.5 Unarmed Combat
 + Level 2.4 Invocations


You had 8 spell levels left.
You didn't know any spells.
Your spell library contained the following spells:

 Spells                   Type           Power      Damage    Failure   Level
 Foxfire                  Conj/Fire      0%         2x1d4     43%         1
 Hailstorm                Conj/Ice       0%         3d5       80%         3
 Summon Ice Beast         Ice/Summ       0%         N/A       80%         3
 Plasma Beam              Fire/Air       0%         2x1d10    100%        6
 Sculpt Simulacrum        Ice/Alch       0%         N/A       100%        6
 Starburst                Conj/Fire      0%         6d3       100%        6


Dungeon Overview and Level Annotations

Branches:
Dungeon (7/15)             Temple (1/1) D:5

Altars:
Cheibriados
Dithmenos
Elyvilon
Fedhas
Gozag
Kikubaaqudgha
Makhleb
Nemelex Xobeh
Okawaru
Qazlal
Ru
Sif Muna
Trog
Uskayaw
Vehumet
Wu Jian
Xom
Yredelemnul
Zin
The Shining One

Shops:
D:6 !

Annotations:
D:5 1 exclusion


Innate Abilities, Weirdness & Mutations

You are too large for most types of armour.
You have claws for hands.
Your natural rate of healing is unusually fast.
You are covered in fur. (AC +1)
You have tough skin. (AC +1)


Message History

The kobold demonologist hits you with a +3 dagger of speed.
The hornet stings you!
You are poisoned.
You shrug off the repeated paralysis!
The kobold demonologist gestures wildly while chanting.
You feel sick.
The kobold demonologist looks more healthy.
The hornet stings you but does no damage.
The kobold demonologist hits you with a +3 dagger of speed.
The hornet stings you but does no damage.
You can move again.
You stomp with the beat, sending a shockwave through the revellers around you!
The kobold demonologist is severely wounded.
The hornet is moderately wounded.
You can no longer stomp with the beat.
You feel sick. The hornet stings you!
You are more poisoned.
You feel yourself slow down.
The kobold demonologist hits you with a +3 dagger of speed.
The kobold demonologist casts a spell.
Unknown command.
Unknown command.
You scratch the kobold demonologist.
The kobold demonologist is almost dead.
You feel yourself speed up.
You feel very sick.
The ufetubus hits you but does no damage. x2
The sixfirhy hits you.
* * * LOW HITPOINT WARNING * * *
The sixfirhy shocks you!
* * * LOW HITPOINT WARNING * * *
The kobold demonologist hits you with a +3 dagger of speed.
* * * LOW HITPOINT WARNING * * *
Unknown command.
You scratch the kobold demonologist.
The kobold demonologist is almost dead.
* * * LOW HITPOINT WARNING * * *
You feel very sick. The sixfirhy hits you!
You die...

#############.#.#
#........####.#.##
#.######.#..(.....
#.# #.#)##..###
#.# #..........
#[######...######.
#y.......#........
#K35..##+########.
#@..............'.
#55.........#####.
#...........# #.
#...........# ##
#...........#
#...........#
######......#
#......# #.######


You could see a kobold demonologist, a sixfirhy (summoned), a hornet, 2 white
imps and an ufetubus (summoned).

Vanquished Creatures
  Pikel (D:6)
  A shadow (D:5)
  A steam dragon (D:6)
  A water moccasin (D:6)
  An ice beast (D:6)
  2 black bears (D:6)
  A sky beast (D:6)
  4 ogres
  A centaur (D:6)
  2 phantoms (D:6)
  Blork the orc (D:4)
  A kobold brigand (D:6)
  2 bullfrogs (D:6)
  2 scorpions
  4 wights (D:6)
  A howler monkey (D:6)
  3 bombardier beetles
  2 hounds
  A jelly (D:6)
  An orc priest (D:4)
  2 iguanas (D:6)
  A scorpion zombie (D:5)
  An orc wizard (D:4)
  Robin (D:3)
  5 adders
  4 gnolls (D:5)
  A shadow imp (D:5)
  6 ufetubi
  An adder zombie (D:5)
  2 dart slugs
  2 ribbon worms
  7 orcs
  4 ball pythons (D:2)
  4 endoplasms
  A giant cockroach (D:2)
  15 goblins
  7 hobgoblins
  2 quokkas
  10 bats
  7 frilled lizards
  14 kobolds
  5 rats
135 creatures vanquished.

Vanquished Creatures (others)
  A goblin (D:3)
1 creature vanquished.

Grand Total: 136 creatures vanquished

Notes
Turn   | Place    | Note
-------+----------+-------------------------------------------
     0 | D:1      | whatisthis the Troll Brigand began the quest for the Orb.
     0 | D:1      | Reached XP level 1. HP: 19/19 MP: 0/0
    63 | D:1      | Reached skill level 1 in Unarmed Combat
    88 | D:1      | Reached XP level 2. HP: 28/28 MP: 1/1
   438 | D:1      | Found a faded altar of an unknown god.
   733 | D:2      | Reached XP level 3. HP: 35/35 MP: 2/2
   828 | D:2      | Reached skill level 2 in Unarmed Combat
   920 | D:2      | Found a basalt altar of Yredelemnul.
  1320 | D:3      | Reached XP level 4. HP: 44/44 MP: 3/3
  1449 | D:3      | Noticed Robin
  1488 | D:3      | Killed Robin
  1533 | D:3      | Found a stormy altar of Qazlal.
  1533 | D:3      | Found an ancient bone altar of Kikubaaqudgha.
  1829 | D:4      | Noticed an ogre
  1838 | D:4      | Killed an ogre
  1839 | D:4      | Reached skill level 3 in Unarmed Combat
  1839 | D:4      | Reached XP level 5. HP: 17/53 MP: 4/4
  2149 | D:4      | Noticed Blork the orc
  2158 | D:4      | Killed Blork the orc
  2159 | D:4      | Reached XP level 6. HP: 59/61 MP: 5/5
  2597 | D:5      | Entered Level 5 of the Dungeon
  2634 | D:4      | Reached skill level 4 in Unarmed Combat
  2741 | D:5      | Found an iron altar of Okawaru.
  2822 | D:5      | Reached XP level 7. HP: 66/70 MP: 6/6
  2883 | D:5      | Noticed a shadow
  3334 | D:5      | Found a staircase to the Ecumenical Temple.
  3403 | D:5      | Found a sacrificial altar of Ru.
  3492 | Temple   | Entered the Ecumenical Temple
  3507 | Temple   | Became a worshipper of Uskayaw the Reveller
  3599 | D:5      | Reached * piety under Uskayaw
  3602 | D:5      | Reached ** piety under Uskayaw
  3607 | D:5      | Killed a shadow
  3608 | D:5      | Reached skill level 5 in Unarmed Combat
  3883 | D:5      | Found a basalt altar of Yredelemnul.
  3957 | D:6      | Reached *** piety under Uskayaw
  3958 | D:6      | Reached skill level 5 in Fighting
  3958 | D:6      | Reached XP level 8. HP: 55/80 MP: 7/7
  4075 | D:6      | Reached skill level 5 in Throwing
  4093 | D:6      | Noticed Pikel
  4105 | D:6      | Reached skill level 6 in Unarmed Combat
  4111 | D:6      | Reached **** piety under Uskayaw
  4115 | D:6      | Killed Pikel
  4115 | D:6      | Reached ***** piety under Uskayaw
  4127 | D:6      | Reached XP level 9. HP: 48/89 MP: 8/8
  4217 | D:6      | Reached skill level 7 in Unarmed Combat
  4274 | D:6      | Found a glowing silver altar of Zin.
  4299 | D:6      | Reached skill level 1 in Invocations
  4447 | D:6      | Found Fiesogow's Distillery.
  4923 | D:7      | Noticed a kobold demonologist
  4926 | D:7      | Noticed a kobold demonologist
  4926 | D:7      | Noticed a hellwing
  4959 | D:7      | Noticed a red devil
  4961 | D:6      | Paralysed by a hornet for 2 turns
  4963 | D:6      | Noticed a sixfirhy
  4966 | D:6      | HP: 3/82 [poisoned by a hornet]
  4966 | D:6      | Slain by a sixfirhy

Illustrated notes

Levels and vault maps discovered:
D:1:      psy_arrival_heroes, layout_loops_ring,
          chequers_ecumenical_altar_simple, corner_web_ring
D:2:      layout_basic, basic_altar, chequers_garden, minmay_fractal_squares_5
D:3:      layout_basic, chequers_temple_overflow_statue_of_worship, uniq_robin
D:4:      cheibrodos_old_hovel, layout_basic, uniq_blork_the_orc
D:5:      layout_loops_cross, kennysheep_okawaru_gauntlet,
          nicolae_ru_the_path_less_chosen, lemuel_zombie_altar_yredelemnul,
          minmay_temple_entry_fiery, dreamdust_gnoll_farm
D:6:      layout_basic, zin_treasury, serial_shops, kennysheep_mini_moat,
          due_unseen_surprise, uniq_pikel
D:7:      layout_loops_ring, uniq_menkaure
Temple:   nicolae_temple_superstar

Skill      XL: |  1  2  3  4  5  6  7  8  9 |
---------------+----------------------------+-----
Unarmed Combat | 1 2 3 4 5 6 7 |  7.5
Fighting       | 2 3 4 5 6 |  6.6
Throwing       | 2 3 4 5 6 |  6.6
Invocations    | 2 |  2.4
Short Blades   | |  1.5
Dodging        | |  0.7
Stealth        | |  2.1

Action                     |  1- 3 |  4- 6 |  7- 9 || total
---------------------------+-------+-------+-------++-------
  Melee: Unarmed           |   124 |   112 |   195 ||   431
         Punch             |     1 |       |     5 ||     6
  Throw: Dart              |       |     5 |    13 ||    18
 Invoke: Stomp             |       |       |     2 ||     2
         Line Pass         |       |       |     1 ||     1
   Stab: Sleeping          |     3 |       |     1 ||     4
         Paralysed         |       |       |     2 ||     2
 Armour: Robe              |    71 |    77 |    61 ||   209
         Steam dragon scal |       |       |   109 ||   109
  Dodge: Dodged            |    55 |    65 |   164 ||   284

Table legend: (Time is in decaauts)
 A = Elapsed time spent in this place.
 B = Non-inter-level travel time spent in this place.
 C = Inter-level travel time spent in this place.
 D = Time resting spent in this place.
 E = Time spent auto-exploring this place.
 F = Levels seen in this place.
 G = Mean time per level.
                   A        B        C        D        E       F      G
               +--------+--------+--------+--------+--------+-----+--------+
         Total |   4936 |   4596 |    340 |    478 |   2847 |   8 |  617.0 |
       Dungeon |   4913 |   4579 |    334 |    478 |   2847 |   7 |  701.9 |
        Temple |     22 |     16 |      6 |      0 |      0 |   1 |   22.0 |
               +--------+--------+--------+--------+--------+-----+--------+

Top non-repeatable levels by time:
     D:5: 1168 daAuts
     D:4: 1010 daAuts
     D:6: 952 daAuts
     D:1: 644 daAuts
     D:2: 634 daAuts
     D:3: 438 daAuts
     D:7: 65 daAuts
  Temple: 22 daAuts
